 Seeded DCSS version 0.31-b1-18-g61460d1e46 (webtiles) character file.

Game seed: 2 (custom seed)

356 Kazon the Trooper (level 6, -9/7 HPs)
             Began as an Oni Gladiator on Jan 16, 2024.
             Was a Plaything of Xom.
             Mangled by an iguana (10 damage)
             ... on level 5 of the Dungeon.
             The game lasted 00:10:25 (2044 turns).

Kazon the Trooper (Oni Gladiator)                   Turns: 2044, Time: 00:10:26

Health: -9/7       AC:  6    Str: 24    XL:     6   Next: 63%
Magic:  0/6        EV: 11    Int:  9    God:    Xom [..*...]
Gold:   176        SH:  0    Dex: 12    Spells: 5/5 levels left

rFire   . . .        j - melded +0 dagger (venom)
rCold   . . .        u - melded orb {mayhem}
rNeg    . . .        b - melded +0 robe
rPois   +            c - melded +1 hat
rElec   .            r - melded +0 cloak
rCorr   .            (gloves unavailable)
SInv    .            (boots unavailable)
Will    .....        i - amulet of guardian spirit
Stlth   ++           l - +4 ring of protection
HPRegen 0.21/turn    m - +4 ring of slaying
MPRegen 0.10/turn

%: guardian spirit
@: snake-form
A: constrict, reduced hp, large, unfitting armour, (horns 1), (tough skin 1),
double potion healing, drunken brawling
a: Begin Untransformation, Renounce Religion


You were on level 5 of the Dungeon.
You worshipped Xom.
You were a toy of Xom.
You were an enormous serpent.
You visited 1 branch of the dungeon, and saw 5 of its levels.

You collected 176 gold pieces.

Inventory:

Hand Weapons
 a - a +0 war axe
 j - a +0 dagger of venom (melded)
Missiles
 d - 3 throwing nets
 k - 23 stones (quivered)
 p - 12 poisoned darts
Armour
 b - a +0 robe (melded)
 c - a +1 hat (melded)
 r - a +0 cloak (melded)
 u - an orb of mayhem (melded)
Jewellery
 i - an amulet of guardian spirit (around neck)
 l - a +4 ring of protection (left hand)
 m - a +4 ring of slaying (right hand)
 v - a +6 ring of dexterity
Talismans
 w - a serpent talisman (active)
Scrolls
 q - a scroll of immolation
 t - 3 scrolls of teleportation
Potions
 e - 2 potions of cancellation {unknown}
 f - a potion of enlightenment
 g - 2 potions of brilliance
 h - 2 potions of mutation {unknown}
 n - 2 potions of might {unknown}
 o - a potion of degeneration {unknown}
 s - 2 potions of attraction {unknown}
 x - a potion of heal wounds {unknown}
 z - a potion of curing {unknown}
 A - a potion of resistance {unknown}


   Skills:
 + Level 4.0 Fighting
 + Level 2.8 Short Blades
 + Level 3.9 Axes
 + Level 2.4 Throwing
 + Level 4.0 Dodging
 + Level 1.3 Stealth
 + Level 0.1 Unarmed Combat
 * Level 0.4 Shapeshifting


You had 5 spell levels left.
You didn't know any spells.
Your spell library was empty.

Dungeon Overview and Level Annotations

Branches:
Dungeon (5/15)             Temple (0/1) D:5

Altars:
Ru
Xom

Shops:
D:2 (   D:3 (


Innate Abilities, Weirdness & Mutations

You are an enormous serpent.
You have a powerful constriction melee attack.
Your maximum health is decreased, since you lack skill for your form.
Your armour is entirely melded.
You are incapable of wielding weapons or throwing items.
You are too large for most types of armour.
((You have a pair of small horns on your head.))
((You have tough skin. (AC +1)))
You gain doubled healing and magic from potions.
Whenever you drink a healing potion, you attack all around you.


Message History

You closely miss the adder. Your grab misses the adder.
The adder closely misses you.
You hit the adder. Your grab misses the adder.
The adder is moderately wounded.
The adder bites you.
You lash the adder!
You kill the adder!
You hear the slow hiss of a very distant avalanche of sand.
You see here an adder corpse.
v - a +6 ring of dexterity
Found 19 gold pieces.
An iguana comes into view.
Found a red potion.
The iguana hisses angrily.
A scorpion comes into view.
You see here a ring of poison resistance.
Found a scroll of identify.
Found a staircase to the Ecumenical Temple.
You lash the iguana! Your grab misses the iguana.
The iguana is severely wounded.
The iguana barely misses you.
You barely miss the scorpion. You grab the scorpion.
You constrict the scorpion. The scorpion stings you.
The scorpion stings you but does no damage.
The iguana bites you!
Ouch! That really hurt!
You die... "Oh, no, you don't!"
Xom revives you!
You barely miss the iguana.
The iguana is severely wounded.
You constrict the scorpion. The scorpion barely misses you.
The iguana barely misses you.
You closely miss the iguana.
The iguana is severely wounded.
You constrict the scorpion, but do no damage.
The scorpion barely misses you. The iguana bites you!
Ouch! That really hurt!
You die...
Xom giggles madly!

.........#
≈≈≈.....†.#
≈≈≈≈≈.....#
≈≈≈≈≈≈≈...#
..≈≈≈≈≈≈..#
>.≈≈≈≈≈≈=.#
..≈≈≈≈≈≈..#
≈≈≈≈≈≈≈≈..#
≈≈≈≈≈≈lS..#
≈≈≈≈≈.s...#
≈≈≈$......#
........!.#
.......##.#
####### .#
.# ?#


You could see a scorpion and an iguana.

Vanquished Creatures
  An ogre (D:3)
  A phantom (D:4)
  2 hounds
  8 adders
  3 dart slugs
  A ribbon worm (D:2)
  2 orcs
  5 bats
  11 endoplasms
  2 giant cockroaches (D:3)
  8 goblins
  2 hobgoblins
  2 jackals (D:3)
  5 quokkas
  3 ball pythons
  2 frilled lizards
  2 kobolds
  4 rats
64 creatures vanquished.

Notes
Turn   | Place    | Note
-------+----------+-------------------------------------------
     0 | D:1      | Kazon the Oni Gladiator began the quest for the Orb.
     0 | D:1      | Reached XP level 1. HP: 22/22 MP: 1/1
   118 | D:1      | Reached XP level 2. HP: 26/29 MP: 2/2
   701 | D:2      | Found Weaqack's Weapon Shop.
   711 | D:2      | Reached XP level 3. HP: 31/37 MP: 3/3
   947 | D:2      | Reached XP level 4. HP: 45/45 MP: 4/4
  1142 | D:3      | Found Hivuethe's Antique Weapon Shoppe.
  1219 | D:3      | Noticed an ogre
  1230 | D:3      | Killed an ogre
  1231 | D:3      | Reached skill level 1 in Short Blades
  1231 | D:3      | Reached XP level 5. HP: 54/54 MP: 5/5
  1280 | D:3      | Found a shimmering altar of Xom.
  1292 | D:3      | Found a shimmering altar of Xom.
  1293 | D:3      | Found a shimmering altar of Xom.
  1303 | D:3      | Became a worshipper of Xom of Chaos
  1546 | D:4      | Found a sacrificial altar of Ru.
  1574 | D:4      | Noticed a phantom
  1575 | D:4      | XOM: noise
  1585 | D:4      | Killed a phantom
  1586 | D:4      | Reached skill level 1 in Stealth
  1586 | D:4      | Reached XP level 6. HP: 57/62 MP: 4/6
  1599 | D:4      | XOM: divination: magic mapping
  1643 | D:4      | XOM: silly message
  1967 | D:4      | XOM: silly message
  1982 | D:5      | Entered Level 5 of the Dungeon
  2040 | D:5      | Found a staircase to the Ecumenical Temple.
  2042 | D:5      | Xom revived you
  2044 | D:5      | Mangled by an iguana

Illustrated notes

Levels and vault maps discovered:
D:1:      lightli_arrival_noodles, layout_loops_ring, skrybe_limestone_x
D:2:      layout_rooms, serial_shops, shop
D:3:      layout_basic, xom_redecorated, serial_shops, nicolae_shop_stone
D:4:      layout_rooms, mainiacjoe_overflow_six_doors_small,
          minmay_misc_feat_five
D:5:      layout_loops_ring, temple_pool_b, mainiacjoe_ossuary_entry_dusty_tomb

Skill      XL: |  1  2  3  4  5  6 |
---------------+-------------------+-----
Fighting       | 3 4 |  4.0
Dodging        | 3 4 |  4.0
Short Blades   | 1 2 |  2.8
Stealth        | 1 |  1.3
Axes           | |  3.9
Throwing       | |  2.4
Unarmed Combat | |  0.1
Shapeshifting  | |  0.4

Action                     |  1- 3 |  4- 6 || total
---------------------------+-------+-------++-------
  Melee: War axe           |    23 |       ||    23
         Dagger            |    52 |    48 ||   100
         Headbutt          |    10 |    14 ||    24
         Unarmed           |       |    23 ||    23
         Constrict         |       |     5 ||     5
  Throw: Stone             |     5 |     6 ||    11
         Large rock        |       |     1 ||     1
    Use: Scroll            |     4 |     4 ||     8
   Stab: Sleeping          |       |     3 ||     3
         Distracted        |       |     1 ||     1
 Armour: Robe              |    47 |    28 ||    75
         Skin              |       |    13 ||    13
  Dodge: Dodged            |    34 |    26 ||    60
   Form: Serpent           |       |     1 ||     1
